 Seeded DCSS version 0.30.1-4-g462c640d31 (webtiles) character file.

Game seed: 18007716519941398942 (custom seed)

2 CarvArkoylaein the Shield-Bearer (level 1, -2/20 HPs)
             Began as a Minotaur Fighter on Sept 2, 2023.
             Frozen to death by an endoplasm (5 damage)
             ... on level 1 of the Dungeon.
             The game lasted 00:00:40 (59 turns).

CarvArkoylaein the Shield-Bearer (Minotaur Fighter)   Turns: 59, Time: 00:00:41

Health: -2/20      AC:  7    Str: 20    XL:     1   Next: 33%
Magic:  0/0        EV:  9    Int:  5    God:
Gold:   9          SH:  4    Dex:  9    Spells: 0/0 levels left

rFire   . . .        a - +0 war axe
rCold   . . .        c - +0 buckler
rNeg    . . .        b - +0 scale mail
rPois   .            (helmet restricted)
rElec   .            (no cloak)
rCorr   .            (no gloves)
SInv    .            (no boots)
Will    .....        (no amulet) Stlth
                     (no ring)
HPRegen 0.23/turn    (no ring)
MPRegen 0.07/turn

%: no passive effects
@: no status effects
A: horns 2, retaliatory headbutt
a: no special abilities


You were on level 1 of the Dungeon.
You visited 1 branch of the dungeon, and saw 1 of its levels.

You collected 9 gold pieces.

Inventory:

Hand Weapons
 a - a +0 war axe (weapon)
Armour
 b - a +0 scale mail (worn)
 c - a +0 buckler (worn)
Jewellery
 f - an amulet of faith
Scrolls
 e - a scroll of magic mapping {unknown}
Potions
 d - a potion of might
 g - a potion of berserk rage {unknown}


   Skills:
 + Level 3.7 Fighting
 + Level 2.4 Axes
 + Level 3.7 Armour
 + Level 3.7 Shields


You couldn't memorise any spells.
You didn't know any spells.
Your spell library was empty.

Dungeon Overview and Level Annotations

Branches:
Dungeon (1/15)

Altars:


Innate Abilities, Weirdness & Mutations

You have a pair of horns on your head.
You reflexively headbutt those who attack you in melee.


Message History

You barely miss the jackal. You hit the jackal.
The jackal bites you but does no damage.
The jackal barely misses you. The jackal bites you.
The endoplasm hits you but does no damage.
The endoplasm freezes you.
You are frozen.
The jackal closely misses you.
You hit the endoplasm.
The endoplasm is severely wounded.
You hit the endoplasm. You closely miss the jackal.
You hit the jackal but do no damage. The jackal closely misses you.
You block the jackal's attack. The endoplasm closely misses you.
An endoplasm comes into view.
The endoplasm hits you but does no damage.
The jackal closely misses you. The jackal barely misses you.
You furiously retaliate!
You headbutt the jackal. You block the endoplasm's attack.
The endoplasm freezes you.
You are frozen.
You completely miss the jackal. You barely miss the endoplasm.
The endoplasm quivers.
You hit the endoplasm. You closely miss the jackal.
The jackal bites you but does no damage. x2
You block the jackal's attack. The jackal barely misses you.
The endoplasm hits you. The endoplasm freezes you.
You are frozen.
You barely miss the jackal. Your headbutt misses the jackal.
The jackal is almost dead.
You barely miss the endoplasm. You hit the endoplasm. You slash the jackal!
You kill the jackal!
The jackal barely misses you. The endoplasm freezes you.
You are frozen.
The endoplasm freezes you.
You are frozen.
* * * LOW HITPOINT WARNING * * *
The jackal bites you but does no damage.
The endoplasm freezes you.
You are frozen.
You die...

..#§#.............#§#.
..##.............##..
... #.............# .#
. #. ##...........##
.# # ##.........## ..#
##.......## J..#
####.#######..#
#...#...†...#
.....#.#...@h...#
......#...JJ#####
###.#.....#.#
#..#...##...
#.....#.......
##.####........ +..
........ ## ........


You could see 3 endoplasms and a jackal.

Vanquished Creatures
  3 jackals (D:1)
3 creatures vanquished.

Notes
Turn   | Place    | Note
-------+----------+-------------------------------------------
     0 | D:1      | CarvArkoylaein the Minotaur Fighter began the quest for the
                  | Orb.
     0 | D:1      | Reached XP level 1. HP: 19/19 MP: 0/0
    59 | D:1      | Frozen to death by an endoplasm

Illustrated notes

Levels and vault maps discovered:
D:1:      psy_arrival_dodecagon, layout_basic,
          dreamdust_ecumenical_altar_sealed_demon

Action                     || total
---------------------------++-------
  Melee: War axe           ||     7
 Armour: Scale mail        ||     8
  Dodge: Dodged            ||     9
  Block: Buckler           ||     5
